 Dungeon Crawl Stone Soup version 0.28.0-43-g3370ac3207 (webtiles) character file.

Game seed: 18023636852274235293

485 safid the Cleaver (level 7, -5/59 HPs)
             Began as a Hill Orc Fighter on Mar 15, 2022.
             Slain by Duvessa
             ... wielding a +0 short sword
              (9 damage)
             ... on level 4 of the Dungeon.
             The game lasted 00:06:33 (4140 turns).

safid the Cleaver (Hill Orc Fighter)                Turns: 4140, Time: 00:06:34

Health: -5/59      AC: 12    Str: 21    XL:     7   Next: 13%
Magic:  7/7        EV:  5    Int:  8    God:
Gold:   244        SH:  4    Dex: 10    Spells: 6/6 levels left

rFire   + . .      SeeInvis .   a - +0 war axe
rCold   . . .      Faith    .   c - +0 buckler
rNeg    . . .      Spirit   .   u - +0 plate armour
rPois   .          Reflect  .   (no helmet)
rElec   .          Harm     .   (no cloak)
rCorr   .          Rampage  .   f - +0 pair of gloves
Will    .....                   (no boots)
Stlth   ..........              (no amulet)
HPRegen 0.19/turn               i - ring of protection from fire
MPRegen 0.10/turn               (no ring)

@: no status effects
A: no striking features
a: no special abilities


You were on level 4 of the Dungeon.
You visited 1 branch of the dungeon, and saw 4 of its levels.
You also visited: Ossuary.

You collected 244 gold pieces.

Inventory:

Hand Weapons
 a - a +0 war axe (weapon)
Armour
 c - a +0 buckler (worn)
 f - a +0 pair of gloves (worn)
 g - a +0 chain mail
 u - a +0 plate armour (worn)
Jewellery
 i - a ring of protection from fire (left hand)
Wands
 s - a wand of iceblast (8)
 y - a wand of acid (10)
Scrolls
 b - a scroll of fog {unknown}
 e - a scroll of teleportation {unknown}
 j - 2 scrolls of identify {unknown}
 k - 2 scrolls of enchant weapon {unknown}
 l - a scroll of immolation {unknown}
 m - 2 scrolls of enchant armour {unknown}
 p - a scroll of amnesia {unknown}
 q - 2 scrolls of blinking {unknown}
 r - a scroll of silence {unknown}
 w - 3 scrolls of fear {unknown}
 x - 2 scrolls of vulnerability {unknown}
Potions
 d - 2 potions of might
 h - a potion of cancellation {unknown}
 n - 5 potions of curing {unknown}
 o - 2 potions of brilliance {unknown}
 t - a potion of mutation {unknown}
 v - 2 potions of lignification {unknown}


   Skills:
 - Level 4.0 Fighting
 + Level 8.9 Axes
 - Level 4.0 Armour
 - Level 4.0 Shields


You had 6 spell levels left.
You didn't know any spells.
Your spell library contained the following spells:

 Spells                   Type           Power      Damage    Failure   Level
 Static Discharge         Conj/Air       0%         N/A       100%        2
 Summon Guardian Golem    Hex/Summ       0%         N/A       100%        3
 Dispel Undead            Necr           0%         3d6       100%        4
 Sticky Flame             Conj/Fire      0%         2d3       100%        4
 Orb of Destruction       Conj           0%         9d5       100%        7
 Spellforged Servitor     Conj/Summ      0%         N/A       100%        7


Dungeon Overview and Level Annotations

Branches:
Dungeon (4/15)            Ossuary (visited)
 Temple: D:4-7

Altars:
Dithmenos

Shops:
D:3 [

Annotations:
D:4 Duvessa


Message History

Dowan gestures at you while chanting. You resist with some effort.
Duvessa says, "My weaknesses are his strengths!"
Duvessa hits you with a +0 short sword.
You slash Dowan!
Dowan is severely wounded.
You barely miss Duvessa. Dowan hits you but does no damage.
Duvessa hits you with a +0 short sword!
Unknown command.
You slash Duvessa!
Duvessa is heavily wounded.
You miss Dowan. Dowan hits you but does no damage.
Duvessa hits you with a +0 short sword! Dowan hits you but does no damage.
Unknown command.
You hit Dowan.
Dowan is almost dead.
You hit Duvessa. Duvessa hits you with a +0 short sword.
Dowan hits you but does no damage.
Unknown command.
You barely miss Dowan.
Dowan is almost dead.
You hit Duvessa. Duvessa hits you with a +0 short sword.
Dowan hits you but does no damage.
Unknown command.
You slash Dowan!
You kill Dowan!
Duvessa screams, "No!
How DARE you!"
Duvessa goes berserk!
You hit Duvessa but do no damage. Duvessa hits you with a +0 short sword!
* * * LOW HITPOINT WARNING * * *
Duvessa hits you with a +0 short sword!
* * * LOW HITPOINT WARNING * * *
You barely miss Duvessa.
Duvessa is severely wounded.
Duvessa barely misses you.
Unknown command.
You slash Duvessa!
Duvessa is almost dead.
You block Duvessa's attack. Duvessa hits you with a +0 short sword!
You die...

#.###...........
#........#####..##
#.#!###..######..# #.#.#
#........... ####.#.#
#..##.......
#......###..##.###.#.
#........##.# #.#.
##....##..##.# #.#.
#e@.......##.# #...
......)...........# ##..
.##..##....#...######...
#. #................. #
##.###.##########. ..#
#.# ## .# #.# #.# . ..#
#.# . #.#


You could see Duvessa (berserk).

Vanquished Creatures
  A scorpion (D:2)
  Dowan (D:4)
  2 human zombies (Ossuary)
  A centaur skeleton (D:4)
  An iguana (D:3)
  An orc wizard (D:3)
  5 mummies
  5 adders
  3 gnolls (D:4)
  An adder zombie (Ossuary)
  An adder skeleton (D:4)
  5 worms
  6 orcs
  5 endoplasms
  2 giant cockroaches
  7 goblins
  5 hobgoblins
  4 jackals (D:3)
  2 quokkas (D:2)
  4 ball pythons
  2 bats
  4 frilled lizards
  2 gnoll zombies (Ossuary)
  A goblin zombie (Ossuary)
  2 jackal zombies (Ossuary)
  8 kobolds
  A kobold zombie (Ossuary)
  2 orc zombies (Ossuary)
  5 rats
  A rat zombie (Ossuary)
90 creatures vanquished.

Notes
Turn   | Place    | Note
-------+----------+-------------------------------------------
     0 | D:1      | safid the Hill Orc Fighter began the quest for the Orb.
     0 | D:1      | Reached XP level 1. HP: 19/19 MP: 1/1
   262 | D:1      | Reached skill level 3 in Axes
   262 | D:1      | Reached XP level 2. HP: 27/27 MP: 2/2
   349 | D:1      | Found a faded altar of an unknown god.
  1102 | D:2      | Reached XP level 3. HP: 24/33 MP: 3/3
  1481 | D:2      | Noticed a scorpion
  1498 | D:2      | Killed a scorpion
  1499 | D:2      | Reached skill level 4 in Axes
  1499 | D:2      | Reached XP level 4. HP: 6/40 MP: 4/4
  1503 | D:2      | HP: 2/40 [poisoned by a scorpion]
  1980 | D:2      | Reached skill level 5 in Axes
  2263 | D:3      | Found Uzijeupn's Antique Armour Emporium.
  2270 | D:3      | Reached XP level 5. HP: 46/46 MP: 5/5
  2860 | D:3      | Reached skill level 6 in Axes
  3161 | D:3      | Reached XP level 6. HP: 38/52 MP: 6/6
  3330 | D:4      | Found a shadowy altar of Dithmenos.
  3340 | D:4      | Reached skill level 7 in Axes
  3555 | D:4      | Found a sand-covered staircase.
  3564 | Ossuary  | Entered an ossuary
  3582 | Ossuary  | Reached skill level 8 in Axes
  3988 | Ossuary  | Reached XP level 7. HP: 47/59 MP: 7/7
  4126 | D:4      | Noticed Dowan
  4126 | D:4      | Noticed Duvessa
  4138 | D:4      | Killed Dowan
  4140 | D:4      | Slain by Duvessa

Illustrated notes

Levels and vault maps discovered:
D:1:      lightli_arrival_flooded_house, layout_loops_corners,
          dreamdust_ecumenical_altar_hidden_monk_grotto
D:2:      layout_loops_ring
D:3:      layout_basic, serial_shops, nicolae_shop_waterfront
D:4:      layout_loops_ring, nicolae_dithmenos_through_a_glass_darkly,
          gup_ossuary_entry_pyramid, gammafunk_ghost_necromancy, uniq_duvessa

Skill      XL: |  1  2  3  4  5  6 |
---------------+-------------------+-----
Axes           | 3 4 5 6 8 |  8.9
Fighting       | 4 |  4.0
Armour         | 4 |  4.0
Shields        | 4 |  4.0

Action                   |  1- 3 |  4- 6 |  7- 9 || total
-------------------------+-------+-------+-------++-------
Melee: War axe           |    81 |   162 |    11 ||   254
Armor: Chain mail        |    35 |    85 |       ||   120
       Scale mail        |     2 |       |       ||     2
       Plate armour      |       |     5 |     5 ||    10
Dodge: Dodged            |    16 |    54 |     1 ||    71
Block: Buckler           |    15 |    33 |     2 ||    50
